 Dungeon Crawl Stone Soup version 0.31-a0-229-g1fc7ce93e2 (webtiles) character file.

Game seed: 13774347985725671816

90 qw the Shooter (level 4, -9/26 HPs)
             Began as a Gargoyle Hexslinger on July 6, 2023.
             Mangled by a gnoll
             ... wielding a +0 flail
              (11 damage)
             ... on level 2 of the Dungeon.
             The game lasted 00:00:37 (1605 turns).

qw the Shooter (Gargoyle Hexslinger)                Turns: 1605, Time: 00:00:38

Health: -9/26      AC:  9    Str: 11    XL:     4   Next: 56%
Magic:  5/5        EV: 10    Int: 14    God:
Gold:   93         SH:  0    Dex: 14    Spells: 4/5 levels left

rFire   . . .        Y - +1 sling
rCold   . . .        (no shield)
rNeg    + . .        b - +0 ring mail
rPois   inf          (no helmet)
rElec   +            (no cloak)
rCorr   .            e - +0 pair of gloves
SInv    .            (no boots)
Will    .....        (no amulet)
Stlth   +            (no ring)
HPRegen 0.24/turn    (no ring)
MPRegen 0.09/turn

%: no passive effects
@: no status effects
A: sickness immunity, AC +3, negative energy resistance 1, electricity
resistance, torment resistance 1, petrification resistance
a: no special abilities


You were on level 2 of the Dungeon.
You visited 1 branch of the dungeon, and saw 3 of its levels.

You collected 93 gold pieces.


Innate Abilities, Weirdness & Mutations

You are immune to sickness and miasma.
Your stone body is resilient. (AC +3)
You are immune to poison.
You resist negative energy. (rN+)
You are resistant to electric shocks. (rElec)
You are resistant to unholy torment.
You are immune to petrification.


   Skills:
 - Level 2.0 Fighting
 + Level 4.1 Ranged Weapons
 - Level 1.0 Armour
 - Level 1.5 Dodging
 - Level 1.0 Spellcasting
 - Level 2.6 Hexes


You had 4 spell levels left.
You knew the following spells:

 Your Spells              Type           Power      Damage    Failure   Level
a - Slow                  Hex            32%        N/A       21%         1

Your spell library contained the following spells:

 Spells                   Type           Power      Damage    Failure   Level
 Inner Flame              Hex/Fire       4%         N/A       71%         3
 Portal Projectile        Hex/Tloc       8%         N/A       71%         3
 Cause Fear               Hex            4%         N/A       90%         4

Inventory:

Hand Weapons
 Y - a +1 sling (weapon)
Armour
 b - a +0 ring mail (worn)
 e - a +0 pair of gloves (worn)
Potions
 f - a potion of might
 g - a potion of attraction {unknown}
 j - a potion of curing {unknown}
 k - a potion of haste {unknown}

Dungeon Overview and Level Annotations

Branches:
Dungeon (3/15)

Altars:


Message History

There is a stone staircase leading up here.
1541 ||| STAIRDANCE The gnoll shouts!
You climb upwards.
There is a stone staircase leading down here.
You start resting.
HP restored.
Done exploring.
(D) Dungeon
Where to? (* - list waypoints, Enter - D:3, ? - help)
What level of the Dungeon? (default 1, ? - help)
You climb downwards.
You hear the sound of rushing water.
There is an entrance to a sewer on this level.
Hurry and find it before the portal rusts away!
You hear the slow rusting of a very distant drain.
The goblin barely misses you.
There is a stone staircase leading up here.
There are monsters nearby!
You shoot a sling bullet.
The sling bullet closely misses the gnoll.
The goblin hits you but does no damage. The gnoll hits you with a +0 flail!
The gnoll barely misses you. The goblin hits you but does no damage.
1600 ||| STAIRDANCE The goblin hits you with a +0 club.
The gnoll hits you with a +0 flail.
You climb upwards.
There is a stone staircase leading down here.
You shoot a sling bullet. The sling bullet hits the gnoll.
The gnoll is moderately wounded.
The gnoll hits you but does no damage. The goblin hits you but does no damage.
You shoot a sling bullet. The sling bullet hits the gnoll.
The gnoll is severely wounded.
The gnoll hits you with a +0 flail. The goblin barely misses you.
You shoot a sling bullet. The sling bullet hits the gnoll.
The gnoll is almost dead.
The gnoll hits you with a +0 flail. The goblin closely misses you.
The gnoll hits you with a +0 flail. The goblin hits you but does no damage.
You shoot a sling bullet.
The sling bullet closely misses the gnoll.
The gnoll hits you with a +0 flail!
You die...

#.........#......#.#
#.......#.
########.###.#.#.#.#
#.......#. ###
#.#...###.%.## #.......#.
#.# #.#.###.###).#
######.##. #.#
#............## #.##. #.#
###...........# #.##.
##.#######...........#
#.##.
.#.#............g....#
#.##.
.#.#.#####......@g...#
#.##. ...#.# #......)....#
#.##. .###.#
##...)......########.##. .#
#.# #..........#........##.
.# #.#
#..........#.#########. .#
#.# ####'#######'#### #. .#
#.# #.#..........# #. .#
#.# #.#......[...# #.
.###.#########.#..........#
#.


You could see a gnoll and a goblin.

Vanquished Creatures
  3 gnolls
  An adder (D:2)
  A worm (D:3)
  2 dart slugs (D:1)
  6 endoplasms
  2 giant cockroaches (D:1)
  3 goblins (D:2)
  2 hobgoblins (D:1)
  4 jackals (D:2)
  2 kobolds
  A quokka (D:2)
  6 ball pythons
  2 bats
  4 frilled lizards
  5 rats
44 creatures vanquished.

Notes
Turn   | Place    | Note
-------+----------+-------------------------------------------
     0 | D:1      | qw the Gargoyle Hexslinger began the quest for the Orb.
     0 | D:1      | Reached XP level 1. HP: 12/12 MP: 2/2
     0 | D:1      | 0 ||| qw: Version: 0.3-a-46-gb1f654a
     0 | D:1      | 0 ||| qw: Game counter: 1388
     0 | D:1      | 0 ||| qw: Melee chars always use a shield: true
     0 | D:1      | 0 ||| qw: God list: Okawaru
     0 | D:1      | 0 ||| qw: Allow faded altars: false
     0 | D:1      | 0 ||| qw: Do Orc after clearing Dungeon:15 true
     0 | D:1      | 0 ||| qw: Do second Lair branch before Depths: true
     0 | D:1      | 0 ||| qw: Lair rune preference: random
     0 | D:1      | 0 ||| qw: Goals: Normal
     0 | D:1      | 0 ||| PLANNING D:1-11
   172 | D:1      | Reached XP level 2. HP: 16/16 MP: 3/3
   261 | D:1      | Reached skill level 3 in Ranged Weapons
   663 | D:1      | 663 ||| UPGRADING to +0 pair of gloves.
   668 | D:1      | 668 ||| DRINKING 2 fizzy coppery potions.
   773 | D:1      | 773 ||| DRINKING 2 golden potions.
   774 | D:1      | 774 ||| DROPPING scroll of poison.
   775 | D:1      | 775 ||| DROPPING potion of berserk rage.
   814 | D:2      | Reached XP level 3. HP: 21/21 MP: 4/4
  1444 | D:2      | 1444 ||| UPGRADING to +0 ring mail.
  1454 | D:2      | 1454 ||| DROPPING +0 robe.
  1455 | D:2      | 1455 ||| READING scroll labelled QUEGO QIEROTH.
  1460 | D:2      | 1460 ||| READING scroll labelled LATEMA OZEATRA.
  1461 | D:2      | 1461 ||| READING scroll labelled VUPNAE HAPTOBBOIH.
  1498 | D:3      | 1498 ||| PLANNING SEWER
  1501 | D:3      | 1501 ||| STAIRDANCE
  1505 | D:2      | Reached skill level 1 in Armour
  1517 | D:2      | Reached XP level 4. HP: 26/26 MP: 5/5
  1537 | D:3      | Reached skill level 4 in Ranged Weapons
  1540 | D:3      | 1540 ||| FLEEEEING.
  1541 | D:3      | 1541 ||| STAIRDANCE
  1600 | D:3      | 1600 ||| STAIRDANCE
  1604 | D:2      | HP: 1/26 [gnoll/+0 flail (6)]
  1605 | D:2      | Mangled by a gnoll

Levels and vault maps discovered:
D:1:      minmay_arrival_five_plusses, layout_basic
D:2:      layout_basic, minmay_indecisive_spiral
D:3:      layout_basic, portal_sewer_entry_a, st_stairs_5, grunt_ministairs_1

Skill      XL: |  1  2  3  4 |
---------------+-------------+-----
Ranged Weapons | 3 4 |  4.1
Fighting       | 2 |  2.0
Armour         | 1 |  1.0
Dodging        | |  1.5
Spellcasting   | |  1.0
Hexes          | |  2.6

Action                     |  1- 3 |  4- 6 || total
---------------------------+-------+-------++-------
   Fire: Sling             |   122 |    21 ||   143
    Use: Potion            |     2 |       ||     2
         Scroll            |     3 |       ||     3
 Armour: Robe              |    14 |       ||    14
         Ring mail         |    11 |    11 ||    22
  Dodge: Dodged            |    46 |    11 ||    57

Table legend:
 A = Non-vault XP
 B = Vault XP
 C = Vault XP percentage of total XP
 D = Non-vault monster count
 E = Vault monster count
 F = Vault count percentage of total count
                 A         B        C        D         E       F
            +---------+---------+-------+---------+---------+-------
      Total |     102 |      27 |  20.9 |      38 |       6 |  13.6
            +---------+---------+-------+---------+---------+-------
        D:1 |      33 |       0 |   0.0 |      19 |       0 |   0.0
        D:2 |      53 |       8 |  13.1 |      17 |       4 |  19.0
        D:3 |      16 |      19 |  54.3 |       2 |       2 |  50.0
            +---------+---------+-------+---------+---------+-------
